 Dungeon Crawl Stone Soup version 0.30.0-19-g36f170ea60 (webtiles) character file.

Game seed: 10409798947960949674

92 cheesebisquit the Chopper (level 4, -1/39 HPs)
             Began as a Hill Orc Fighter on May 30, 2023.
             Slain by a gnoll
             ... wielding a +0 flail
              (5 damage)
             ... on level 3 of the Dungeon.
             The game lasted 00:03:53 (1305 turns).

cheesebisquit the Chopper (Hill Orc Fighter)        Turns: 1305, Time: 00:03:53

Health: -1/39      AC: 10    Str: 18    XL:     4   Next: 60%
Magic:  4/4        EV:  7    Int: 10    God:
Gold:   81         SH:  4    Dex: 10    Spells: 3/3 levels left

rFire   . . .        a - +0 war axe
rCold   . . .        c - +0 buckler
rNeg    + . .        e - +0 chain mail
rPois   .            (no helmet)
rElec   .            (no cloak)
rCorr   .            h - +0 pair of gloves
SInv    .            (no boots)
Will    .....        (no amulet) Stlth
                     b - ring of positive energy
HPRegen 0.26/turn    (no ring)
MPRegen 0.09/turn

%: no passive effects
@: no status effects
A: no striking features
a: no special abilities


You were on level 3 of the Dungeon.
You visited 1 branch of the dungeon, and saw 3 of its levels.

You collected 81 gold pieces.

Inventory:

Hand Weapons
 a - a +0 war axe (weapon)
Armour
 c - a +0 buckler (worn)
 e - a +0 chain mail (worn)
 h - a +0 pair of gloves (worn)
Jewellery
 b - a ring of positive energy (left hand)
Scrolls
 f - a scroll of enchant weapon {unknown}
 g - a scroll of identify {unknown}
 i - a scroll of amnesia {unknown}
Potions
 d - a potion of might
 j - 2 potions of curing {unknown}
 k - a potion of flight {unknown}


   Skills:
 - Level 3.6 Fighting
 + Level 6.2 Axes
 - Level 3.2 Armour
 - Level 3.2 Shields


You had 3 spell levels left.
You didn't know any spells.
Your spell library contained the following spells:

 Spells                   Type           Power      Damage    Failure   Level
 Magic Dart               Conj           0%         1d3       99%         1
 Lesser Beckoning         Tloc           0%         N/A       100%        2
 Searing Ray              Conj           0%         2d4       100%        2
 Gell's Gravitas          Tloc           0%         N/A       100%        3
 Teleport Other           Tloc           0%         N/A       100%        3
 Fulminant Prism          Conj/Hex       0%         3d5       100%        4


Dungeon Overview and Level Annotations

Branches:
Dungeon (3/15)

Altars:


Message History

You now have 67 gold pieces (gained 16).
j - 2 fuming dark potions (gained 1)
You now have 81 gold pieces (gained 14).
An endoplasm comes into view.
The endoplasm quivers.
You hit the endoplasm.
The endoplasm is almost dead.
The endoplasm barely misses you.
You hit the endoplasm.
You kill the endoplasm!
A gnoll comes into view. It is wielding a +0 flail.
The gnoll shouts!
You hear a shout!
A gnoll comes into view. It is wielding a +0 halberd. x2
A hobgoblin comes into view.
The hobgoblin shouts!
A gnoll comes into view. It is wielding a +0 club.
You closely miss the gnoll. You slash the gnoll!
The gnoll is severely wounded.
The gnoll hits you from afar with a +0 halberd.
The gnoll hits you with a +0 flail.
You barely miss the gnoll.
The gnoll is severely wounded.
The gnoll hits you from afar with a +0 halberd!
The gnoll hits you from afar with a +0 halberd.
The gnoll hits you with a +0 flail. The gnoll attacks as you move away!
The gnoll completely misses you.
You barely miss the gnoll.
The gnoll is severely wounded.
The gnoll hits you from afar with a +0 halberd.
The gnoll hits you from afar with a +0 halberd!
* * * LOW HITPOINT WARNING * * *
The gnoll closely misses you. The gnoll attacks as you move away!
You block the gnoll's attack. The gnoll attacks as you move away!
The gnoll hits you with a +0 flail.
* * * LOW HITPOINT WARNING * * *
Okay, then.
Okay, then.
The gnoll hits you with a +0 flail.
You die...

############ ###########
#.....^....# #.........# .
+#..........# #.........#...
............###.....g.......
.........>...........g......
..........[..###...g####....
.............###.gg.# .
................@...#
....................#
....................#
....................#
......##..............
......##...............
......##....#...........
........................
.............


You could see 4 gnolls and a hobgoblin.

Vanquished Creatures
  Natasha (twice) (D:2)
  An adder (D:2)
  7 endoplasms
  5 goblins
  3 hobgoblins
  2 kobolds
  2 quokkas (D:2)
  3 ball pythons
  2 frilled lizards
  4 rats
31 creatures vanquished.

Notes
Turn   | Place    | Note
-------+----------+-------------------------------------------
     0 | D:1      | cheesebisquit the Hill Orc Fighter began the quest for the
                  | Orb.
     0 | D:1      | Reached XP level 1. HP: 19/19 MP: 1/1
   116 | D:1      | Reached skill level 3 in Axes
   283 | D:1      | Reached XP level 2. HP: 26/26 MP: 2/2
   563 | D:1      | Reached skill level 4 in Axes
   707 | D:2      | Reached XP level 3. HP: 31/31 MP: 3/3
   779 | D:2      | Noticed Natasha
   787 | D:2      | Killed Natasha
   788 | D:2      | Reached skill level 5 in Axes
   788 | D:2      | Reached XP level 4. HP: 29/39 MP: 4/4
  1116 | D:2      | Found a faded altar of an unknown god.
  1224 | D:2      | Noticed Natasha
  1228 | D:2      | Killed Natasha
  1229 | D:2      | Reached skill level 6 in Axes
  1305 | D:3      | Slain by a gnoll

Illustrated notes

Levels and vault maps discovered:
D:1:      nzn_arrival_depleted_hourglass, layout_basic, feat_on_display
D:2:      layout_basic, serial_corexii_hall, chequers_hall_statues_corner_a,
          corexii_hall_statues_i, ebering_ecumenical_altar_webs, uniq_natasha
D:3:      layout_basic, minmay_misc_feat_x, nrook_uturn

Skill      XL: |  1  2  3  4 |
---------------+-------------+-----
Axes           | 3 4 5 6 |  6.2
Fighting       | |  3.6
Armour         | |  3.2
Shields        | |  3.2

Action                     |  1- 3 |  4- 6 || total
---------------------------+-------+-------++-------
  Melee: War axe           |    71 |    22 ||    93
 Armour: Scale mail        |     8 |       ||     8
         Chain mail        |    33 |     5 ||    38
  Dodge: Dodged            |    31 |     8 ||    39
  Block: Buckler           |    10 |     5 ||    15
